 Dungeon Crawl Stone Soup version 0.31-a0-466-g98c9adc2b6 (webtiles) character file.

Game seed: 624222196469187100

2718 senseless the Shield-Bearer (level 9, -7/81 HPs)
             Began as a Minotaur Fighter on Aug 5, 2023.
             Was a Priest of Okawaru.
             Killed by nerve-wracking pain
             ... invoked by an orc priest
              (11 damage)
             ... on level 7 of the Dungeon.
             The game lasted 00:12:42 (5789 turns).

senseless the Shield-Bearer (Minotaur Fighter)      Turns: 5789, Time: 00:12:43

Health: -7/81      AC: 17    Str: 26    XL:     9   Next: 39%
Magic:  0/2        EV:  7    Int:  5    God:    Okawaru [***...]
Gold:   408        SH:  5    Dex: 11    Spells: 8/8 levels left

rFire   . . .        r - +4 hand axe of Nuuxunaa {antimagic, Dex+2}
rCold   + . .        c - +0 buckler
rNeg    . . .        o - +1 plate armour
rPois   .            (helmet restricted)
rElec   .            p - +2 cloak
rCorr   .            (no gloves)
SInv    .            (no boots)
Will    .....        h - amulet of guardian spirit Stlth
                     j - ring of protection from cold
HPRegen 0.33/turn    (no ring)
MPRegen 0.08/turn

%: guardian spirit
@: on berserk cooldown, slowed, very slow
A: horns 2, retaliatory headbutt
a: Renounce Religion, Heroism


You were on level 7 of the Dungeon.
You worshipped Okawaru.
Okawaru was most pleased with you.
You visited 1 branch of the dungeon, and saw 7 of its levels.

You collected 408 gold pieces.

Inventory:

Hand Weapons
 a - a +1 war axe
 l - a +4 whip
 n - the +5 long sword of Dullness {flame, rElec Str+4 Int+4}
   (You found it on level 5 of the Dungeon)

   Str:       It affects your strength (+4).
   Int:       It affects your intelligence (+4).
   rElec:     It insulates you from electricity.
 r - the +4 hand axe of Nuuxunaa (weapon) {antimagic, Dex+2}
   (You found it on level 2 of the Dungeon)

   Dex:       It affects your dexterity (+2).
Missiles
 g - 3 javelins
Armour
 c - a +0 buckler (worn)
 o - a +1 plate armour (worn)
 p - a +2 cloak (worn)
Jewellery
 h - an amulet of guardian spirit (around neck)
 j - a ring of protection from cold (left hand)
Talismans
 m - a serpent talisman
Scrolls
 i - 2 scrolls of silence
 k - 6 scrolls of teleportation
Potions
 b - 3 potions of brilliance
 d - a potion of might
 f - a potion of berserk rage
 q - a potion of heal wounds {unknown}
 s - 2 potions of cancellation {unknown}
 t - a potion of lignification {unknown}


   Skills:
 + Level 7.8 Fighting
 + Level 7.3 Axes
 + Level 5.4 Throwing
 + Level 7.8 Armour
 + Level 7.9 Shields


You had 8 spell levels left.
You didn't know any spells.
Your spell library contained the following spells:

 Spells                   Type           Power      Damage    Failure   Level
 Foxfire                  Conj/Fire      0%         2x1d4     100%        1
 Sandblast                Erth           0%         2d4       100%        1
 Passwall                 Tmut/Erth      0%         N/A       100%        2
 Stone Arrow              Conj/Erth      0%         3d7       100%        3
 Plasma Beam              Fire/Air       0%         2x1d10    100%        6
 Starburst                Conj/Fire      0%         6d3       100%        6


Dungeon Overview and Level Annotations

Branches:
Dungeon (7/15)             Temple (0/1) D:5

Altars:
Ashenzari
Kikubaaqudgha
Okawaru
Xom
Yredelemnul

Shops:
D:6 =

Annotations:
D:3 1 runed translucent door, makewrite's ghost, amateur MiFi
D:6 2 transporters, mopl's ghost, novice OpSh
D:7 1 runed translucent door, nay's ghost, novice OpSh


Innate Abilities, Weirdness & Mutations

You have a pair of horns on your head.
You reflexively headbutt those who attack you in melee.


Message History

The orc wizard hits you with a +0 dagger.
* * * LOW HITPOINT WARNING * * *
As you read the scroll of teleportation, it crumbles to dust.
You feel strangely unstable. Something hits you but does no damage.
You block the orc wizard's attack.
You slash the orc wizard!
The orc wizard's magic leaks into the air.
The orc wizard is heavily wounded.
You hit something.
The orc wizard's magic is no longer disrupted.
Something hits you but does no damage.
The orc wizard hits you but does no damage.
Something hits you but does no damage. The orc wizard casts a spell at you.
You are confused.
You bump into the rock wall.
Your surroundings suddenly seem different.
An orc wizard and an orc priest come into view.
Found a stone staircase leading up.
The orc wizard shouts!
The orc priest shouts!
An orc comes into view. It is wielding a +0 short sword.
The orc wizard gestures at you while chanting.
The magic dart hits you but does no damage.
The orc priest looks braver for a moment.
The orc wizard points at you and mumbles some strange words.
The magic dart hits you.
* * * LOW HITPOINT WARNING * * *
The orc shouts!
The orc wizard gestures at you while chanting.
You easily resist.
The orc priest calls down the wrath of Beogh upon you.
Beogh smites you!
* * * LOW HITPOINT WARNING * * *
You feel less confused.
The orc priest calls down the wrath of Beogh upon you.
Beogh smites you!
* * * LOW HITPOINT WARNING * * *
The orc priest mumbles some strange prayers to Beogh against you.
Pain shoots through your body!
You die...

########
####......#
###.........#
#.....o.....##.
##...oo@.......
#............##
#...........##
#......<....#
#..........##
##.........#
#.........#
#........##


You could see an orc priest, an orc wizard and an orc.

Vanquished Creatures
  A troll (D:7)
  3 ice beasts
  A sky beast (D:7)
  2 ogres
  A centaur (D:6)
  2 phantoms
  3 kobold brigands
  3 bullfrogs
  4 scorpions
  4 wights (D:7)
  4 howler monkeys
  5 jellies
  3 orc priests (D:5)
  3 hounds
  4 orc wizards
  A sleepcap (D:6)
  2 iguanas (D:6)
  7 gnolls (D:4)
  10 adders
  2 shadow imps
  An ufetubus (D:7)
  A worm (D:5)
  2 dart slugs
  8 orcs
  7 bats
  A bat zombie (D:4)
  7 endoplasms
  5 giant cockroaches
  7 goblins
  7 hobgoblins
  4 quokkas
  6 ball pythons
  2 frilled lizards (D:1)
  26 kobolds
  5 rats
  2 rat zombies (D:4)
156 creatures vanquished.

Notes
Turn   | Place    | Note
-------+----------+-------------------------------------------
     0 | D:1      | senseless the Minotaur Fighter began the quest for the Orb.
     0 | D:1      | Reached XP level 1. HP: 19/19 MP: 0/0
   116 | D:1      | Reached XP level 2. HP: 27/27 MP: 1/1
   340 | D:1      | Reached XP level 3. HP: 30/33 MP: 2/2
   813 | D:2      | Found a faded altar of an unknown god.
   833 | D:2      | Identified the +4 hand axe of Nuuxunaa {antimagic, Dex+2}
  1132 | D:2      | Reached skill level 1 in Throwing
  1446 | D:3      | Reached XP level 4. HP: 40/40 MP: 1/3
  1825 | D:3      | Found a runed translucent door.
  1825 | D:3      | Noticed a bullfrog
  1830 | D:3      | Noticed makewrite's ghost (amateur MiFi)
  2136 | D:4      | Noticed a phantom
  2139 | D:4      | Noticed a bullfrog
  2143 | D:4      | Reached XP level 5. HP: 34/47 MP: 1/4
  2157 | D:4      | Killed a phantom
  2158 | D:4      | Reached skill level 5 in Fighting
  2158 | D:4      | Reached skill level 5 in Shields
  2158 | D:4      | Reached XP level 6. HP: 11/56 MP: 1/5
  2348 | D:4      | Reached skill level 5 in Armour
  2437 | D:4      | Found an iron altar of Okawaru.
  2458 | D:4      | Became a worshipper of Warmaster Okawaru
  2516 | D:4      | Found an ancient bone altar of Kikubaaqudgha.
  2970 | D:5      | Entered Level 5 of the Dungeon
  2987 | D:5      | Found a staircase to the Ecumenical Temple.
  3075 | D:5      | Reached XP level 7. HP: 56/61 MP: 2/6
  3261 | D:5      | Reached skill level 5 in Axes
  3781 | D:5      | Identified the +5 long sword of Dullness {flame, rElec
                  | Str+4 Int+4}
  3833 | D:5      | Reached * piety under Okawaru
  3967 | D:6      | Reached XP level 8. HP: 70/70 MP: 2/7
  3986 | D:6      | Found a transporter.
  4001 | D:6      | Noticed mopl's ghost (novice OpSh)
  4012 | D:6      | Found a transporter.
  4058 | D:6      | Found a basalt altar of Yredelemnul.
  4084 | D:6      | Reached ** piety under Okawaru
  4231 | D:6      | Found Geshuph's Jewellery Emporium.
  4291 | D:6      | Found a broken altar of Ashenzari.
  5430 | D:7      | Found a shimmering altar of Xom.
  5430 | D:7      | Found a shimmering altar of Xom.
  5436 | D:7      | Found a runed translucent door.
  5436 | D:7      | Noticed nay's ghost (novice OpSh)
  5587 | D:7      | Reached skill level 5 in Throwing
  5587 | D:7      | Reached XP level 9. HP: 71/78 MP: 1/8
  5608 | D:7      | Found a shimmering altar of Xom.
  5608 | D:7      | Noticed a yaktaur
  5610 | D:7      | Noticed a harpy
  5611 | D:7      | a harpy changed into a shapeshifter
  5612 | D:7      | a shapeshifter changed into a salamander
  5612 | D:7      | Noticed a salamander (shapeshifter)
  5636 | D:7      | Noticed a glowing orange brain
  5637 | D:7      | Noticed a moth of wrath
  5637 | D:7      | a moth of wrath changed into a water nymph
  5637 | D:7      | Noticed a water nymph (shapeshifter)
  5644 | D:7      | a glowing orange brain changed into a faun
  5644 | D:7      | Noticed a faun (shapeshifter)
  5751 | D:7      | Reached *** piety under Okawaru
  5756 | D:7      | Noticed a troll
  5776 | D:7      | Killed a troll
  5789 | D:7      | HP: 4/81 [orc priest/divine providence (9)]
  5789 | D:7      | Killed from afar by an orc priest

Illustrated notes

Levels and vault maps discovered:
D:1:      orjb1_lava_funnel, layout_rooms, serial_aquarium,
          aquarium_bridge_island_small [aquarium_subvault_small_water,
          aquarium_subvault_wall, aquarium_subvault_bridge,
          aquarium_subvault_bridge, aquarium_subvault_bridge],
          aquarium_bridge_square [aquarium_subvault_window,
          aquarium_subvault_wall, aquarium_subvault_bridge,
          aquarium_subvault_balcony], aquarium_window_fake, aquarium_window_1,
          aquarium_window_1, aquarium_view_2e, aquarium_view_2e, aquarium_pool_2
D:2:      layout_basic, shapermc_ecumenical_altar_starsandcircs
D:3:      layout_basic, ebering_ghost_sewer_d, grunt_decor_resistance
D:4:      layout_rooms, lemuel_zombie_altar_kikubaaqudgha,
          mainiacjoe_overflow_brackets
D:5:      nicolae_cairo_tiling_large_dashed, layout_basic,
          minmay_temple_entry_proselytizer, st_stairs_11
D:6:      layout_basic, mainiacjoe_overflow_alcove_2,
          mainiacjoe_overflow_boulevard, serial_shops,
          nicolae_shop_advertising_works [nicolae_subvault_shop_adworks],
          gammafunk_ghost_stat_death, serial_bayou_crossing
D:7:      layout_cave_pods, xom_shifter_show, hellmonk_ghost_happy_afterlife,
          st_stairs_3, nicolae_shop_firing_range

Skill      XL: |  1  2  3  4  5  6  7  8  9 |
---------------+----------------------------+-----
Fighting       | 4 5 6 7 |  7.8
Shields        | 4 5 6 7 |  7.9
Armour         | 4 5 6 7 |  7.8
Axes           | 3 4 5 6 7 |  7.3
Throwing       | 1 2 3 5 |  5.4

Action                     |  1- 3 |  4- 6 |  7- 9 || total
---------------------------+-------+-------+-------++-------
  Melee: War axe           |    68 |       |       ||    68
         Headbutt          |    14 |    13 |    31 ||    58
         Hand axe          |    31 |    92 |   169 ||   292
    Use: Scroll            |       |    11 |     2 ||    13
         Potion            |       |     2 |     3 ||     5
 Armour: Scale mail        |    36 |       |       ||    36
         Plate armour      |    22 |    83 |   141 ||   246
  Dodge: Dodged            |    40 |    33 |    45 ||   118
  Block: Buckler           |    21 |    22 |    49 ||    92

Table legend: (Time is in decaauts)
 A = Elapsed time spent in this place.
 B = Non-inter-level travel time spent in this place.
 C = Inter-level travel time spent in this place.
 D = Time resting spent in this place.
 E = Time spent auto-exploring this place.
 F = Levels seen in this place.
 G = Mean time per level.
                   A        B        C        D        E       F      G
               +--------+--------+--------+--------+--------+-----+--------+
         Total |   5845 |   5638 |    207 |     63 |   4700 |   7 |  835.0 |
       Dungeon |   5845 |   5638 |    207 |     63 |   4700 |   7 |  835.0 |
               +--------+--------+--------+--------+--------+-----+--------+

Top non-repeatable levels by time:
     D:6: 1275 daAuts
     D:5: 928 daAuts
     D:4: 842 daAuts
     D:2: 798 daAuts
     D:3: 698 daAuts
     D:1: 671 daAuts
     D:7: 630 daAuts
